Workbook
Name Categories_Table: tExpenses[Expense Category]
Name Categories_Table: tExpenses[Expense Category]
Name Categories_Table: tExpenses[Expense Category]
Name Categories_Table: tExpenses[Expense Category]
Name Categories_Table: tExpenses[Expense Category]
Name Categories_Table: tExpenses[Expense Category]
Name Categories_Table: tExpenses[Expense Category]
Name Categories_Table: tExpenses[Expense Category]
Name Categories_Table: tExpenses[Expense Category]
Name Categories_Table: tExpenses[Expense Category]
Name Categories_Table: tExpenses[Expense Category]
Name Categories_Table: tExpenses[Expense Category]
Name savings_data: _xlfn.ANCHORARRAY(Apr!$W$24)
Name savings_data: _xlfn.ANCHORARRAY(Aug!$W$24)
Name savings_data: _xlfn.ANCHORARRAY(Dec!$W$24)
Name savings_data: _xlfn.ANCHORARRAY(Feb!$W$24)
Name savings_data: _xlfn.ANCHORARRAY(Jan!$W$24)
Name savings_data: _xlfn.ANCHORARRAY(Jul!$W$24)
Name savings_data: _xlfn.ANCHORARRAY(Jun!$W$24)
Name savings_data: _xlfn.ANCHORARRAY(Mar!$W$24)
Name savings_data: _xlfn.ANCHORARRAY(May!$W$24)
Name savings_data: _xlfn.ANCHORARRAY(Nov!$W$24)
Name savings_data: _xlfn.ANCHORARRAY(Oct!$W$24)
Name savings_data: _xlfn.ANCHORARRAY(Sep!$W$24)
Name savings_data: _xlfn.ANCHORARRAY(#REF!)
Name savings_datalabels: _xlfn.ANCHORARRAY(Apr!$Y$24)
Name savings_datalabels: _xlfn.ANCHORARRAY(Aug!$Y$24)
Name savings_datalabels: _xlfn.ANCHORARRAY(Dec!$Y$24)
Name savings_datalabels: _xlfn.ANCHORARRAY(Feb!$Y$24)
Name savings_datalabels: _xlfn.ANCHORARRAY(Jan!$Y$24)
Name savings_datalabels: _xlfn.ANCHORARRAY(Jul!$Y$24)
Name savings_datalabels: _xlfn.ANCHORARRAY(Jun!$Y$24)
Name savings_datalabels: _xlfn.ANCHORARRAY(Mar!$Y$24)
Name savings_datalabels: _xlfn.ANCHORARRAY(May!$Y$24)
Name savings_datalabels: _xlfn.ANCHORARRAY(Nov!$Y$24)
Name savings_datalabels: _xlfn.ANCHORARRAY(Oct!$Y$24)
Name savings_datalabels: _xlfn.ANCHORARRAY(Sep!$Y$24)
Name savings_dollars: _xlfn.ANCHORARRAY(Apr!$X$24)
Name savings_dollars: _xlfn.ANCHORARRAY(Aug!$X$24)
Name savings_dollars: _xlfn.ANCHORARRAY(Dec!$X$24)
Name savings_dollars: _xlfn.ANCHORARRAY(Feb!$X$24)
Name savings_dollars: _xlfn.ANCHORARRAY(Jan!$X$24)
Name savings_dollars: _xlfn.ANCHORARRAY(Jul!$X$24)
Name savings_dollars: _xlfn.ANCHORARRAY(Jun!$X$24)
Name savings_dollars: _xlfn.ANCHORARRAY(Mar!$X$24)
Name savings_dollars: _xlfn.ANCHORARRAY(May!$X$24)
Name savings_dollars: _xlfn.ANCHORARRAY(Nov!$X$24)
Name savings_dollars: _xlfn.ANCHORARRAY(Oct!$X$24)
Name savings_dollars: _xlfn.ANCHORARRAY(Sep!$X$24)
Name savings_labels: _xlfn.ANCHORARRAY(Apr!$V$24)
Name savings_labels: _xlfn.ANCHORARRAY(Aug!$V$24)
Name savings_labels: _xlfn.ANCHORARRAY(Dec!$V$24)
Name savings_labels: _xlfn.ANCHORARRAY(Feb!$V$24)
Name savings_labels: _xlfn.ANCHORARRAY(Jan!$V$24)
Name savings_labels: _xlfn.ANCHORARRAY(Jul!$V$24)
Name savings_labels: _xlfn.ANCHORARRAY(Jun!$V$24)
Name savings_labels: _xlfn.ANCHORARRAY(Mar!$V$24)
Name savings_labels: _xlfn.ANCHORARRAY(May!$V$24)
Name savings_labels: _xlfn.ANCHORARRAY(Nov!$V$24)
Name savings_labels: _xlfn.ANCHORARRAY(Oct!$V$24)

Sheet Start Here
A38: =Dropdowns!D6 -> This budget planner is based on the accuracy and completeness of the data you have entered, is for illustrative and general information purposes only, and is not intended to provide specific financial, legal, tax, investment planning or other advice. Speak with your financial advisor to ensure that your strategy takes into account your personal circumstances and meets your financial needs. Vancity does not make any express or implied warranties or representations with respect to any information or results in connection with the budget planner. Vancity will not be liable for any losses or damages arising from any errors or omissions in any information or results, or any action or decision made by you in reliance on any information or results.

Sheet Annual Overview
U1: → HIDDEN COLUMNS
I3: Total Income | M3: Total Expenses | Q3: Total Bills
A4: FALSE | I4: Month | J4: Budget | K4: Actual | M4: Month | N4: Budget | O4: Actual | Q4: Month | R4: Budget | S4: Actuals
A5: FALSE | I5: January | J5: {=INDIRECT(LEFT($I5,3) & "!I26")} -> 0 | K5: {=INDIRECT(LEFT($I5,3) & "!J26")} -> 0 | M5: January | N5: {=INDIRECT(LEFT($M5,3) & "!N37")} -> 0 | O5: {=INDIRECT(LEFT($M5,3) & "!O37")} -> 0 | Q5: January | R5: {=INDIRECT(LEFT($Q5,3) & "!R26")} -> 0 | S5: {=INDIRECT(LEFT($Q5,3) & "!S26")} -> 0 | T5: Jan
A6: FALSE | I6: February | J6: {=INDIRECT(LEFT($I6,3) & "!I26")} -> 0 | K6: {=INDIRECT(LEFT($I6,3) & "!J26")} -> 0 | M6: February | N6: {=INDIRECT(LEFT($M6,3) & "!N37")} -> 0 | O6: {=INDIRECT(LEFT($M6,3) & "!O37")} -> 0 | Q6: February | R6: {=INDIRECT(LEFT($Q6,3) & "!R26")} -> 0 | S6: {=INDIRECT(LEFT($Q6,3) & "!S26")} -> 0 | T6: Feb
A7: FALSE | I7: March | J7: {=INDIRECT(LEFT($I7,3) & "!I26")} -> 0 | K7: {=INDIRECT(LEFT($I7,3) & "!J26")} -> 0 | M7: March | N7: {=INDIRECT(LEFT($M7,3) & "!N37")} -> 0 | O7: {=INDIRECT(LEFT($M7,3) & "!O37")} -> 0 | Q7: March | R7: {=INDIRECT(LEFT($Q7,3) & "!R26")} -> 0 | S7: {=INDIRECT(LEFT($Q7,3) & "!S26")} -> 0 | T7: Mar
A8: FALSE | I8: April | J8: {=INDIRECT(LEFT($I8,3) & "!I26")} -> 0 | K8: {=INDIRECT(LEFT($I8,3) & "!J26")} -> 0 | M8: April | N8: {=INDIRECT(LEFT($M8,3) & "!N37")} -> 0 | O8: {=INDIRECT(LEFT($M8,3) & "!O37")} -> 0 | Q8: April | R8: {=INDIRECT(LEFT($Q8,3) & "!R26")} -> 0 | S8: {=INDIRECT(LEFT($Q8,3) & "!S26")} -> 0 | T8: Apr
A9: FALSE | I9: May | J9: {=INDIRECT(LEFT($I9,3) & "!I26")} -> 0 | K9: {=INDIRECT(LEFT($I9,3) & "!J26")} -> 0 | M9: May | N9: {=INDIRECT(LEFT($M9,3) & "!N37")} -> 0 | O9: {=INDIRECT(LEFT($M9,3) & "!O37")} -> 0 | Q9: May | R9: {=INDIRECT(LEFT($Q9,3) & "!R26")} -> 0 | S9: {=INDIRECT(LEFT($Q9,3) & "!S26")} -> 0 | T9: May
A10: =COUNTIF($A$4:$A$9,TRUE) -> 0 | B10: =COUNT($A$4:$A$9) -> 0 | I10: June | J10: {=INDIRECT(LEFT($I10,3) & "!I26")} -> 0 | K10: {=INDIRECT(LEFT($I10,3) & "!J26")} -> 0 | M10: June | N10: {=INDIRECT(LEFT($M10,3) & "!N37")} -> 0 | O10: {=INDIRECT(LEFT($M10,3) & "!O37")} -> 0 | Q10: June | R10: {=INDIRECT(LEFT($Q10,3) & "!R26")} -> 0 | S10: {=INDIRECT(LEFT($Q10,3) & "!S26")} -> 0 | T10: Jun
I11: July | J11: {=INDIRECT(LEFT($I11,3) & "!I26")} -> 0 | K11: {=INDIRECT(LEFT($I11,3) & "!J26")} -> 0 | M11: July | N11: {=INDIRECT(LEFT($M11,3) & "!N37")} -> 0 | O11: {=INDIRECT(LEFT($M11,3) & "!O37")} -> 0 | Q11: July | R11: {=INDIRECT(LEFT($Q11,3) & "!R26")} -> 0 | S11: {=INDIRECT(LEFT($Q11,3) & "!S26")} -> 0 | T11: Jul
I12: August | J12: {=INDIRECT(LEFT($I12,3) & "!I26")} -> 0 | K12: {=INDIRECT(LEFT($I12,3) & "!J26")} -> 0 | M12: August | N12: {=INDIRECT(LEFT($M12,3) & "!N37")} -> 0 | O12: {=INDIRECT(LEFT($M12,3) & "!O37")} -> 0 | Q12: August | R12: {=INDIRECT(LEFT($Q12,3) & "!R26")} -> 0 | S12: {=INDIRECT(LEFT($Q12,3) & "!S26")} -> 0 | T12: Aug
C13: =IF($S$34>=$R$34,"You've reached your financial goals!", "You're " & ROUND(100*S34/R34,0) & "% of the way to hit your financial goals.") -> You've reached your financial goals! | I13: September | J13: {=INDIRECT(LEFT($I13,3) & "!I26")} -> 0 | K13: {=INDIRECT(LEFT($I13,3) & "!J26")} -> 0 | M13: September | N13: {=INDIRECT(LEFT($M13,3) & "!N37")} -> 0 | O13: {=INDIRECT(LEFT($M13,3) & "!O37")} -> 0 | Q13: September | R13: {=INDIRECT(LEFT($Q13,3) & "!R26")} -> 0 | S13: {=INDIRECT(LEFT($Q13,3) & "!S26")} -> 0 | T13: Sep
I14: October | J14: {=INDIRECT(LEFT($I14,3) & "!I26")} -> 0 | K14: {=INDIRECT(LEFT($I14,3) & "!J26")} -> 0 | M14: October | N14: {=INDIRECT(LEFT($M14,3) & "!N37")} -> 0 | O14: {=INDIRECT(LEFT($M14,3) & "!O37")} -> 0 | Q14: October | R14: {=INDIRECT(LEFT($Q14,3) & "!R26")} -> 0 | S14: {=INDIRECT(LEFT($Q14,3) & "!S26")} -> 0 | T14: Oct
D15: =K17 -> 0 | I15: November | J15: {=INDIRECT(LEFT($I15,3) & "!I26")} -> 0 | K15: {=INDIRECT(LEFT($I15,3) & "!J26")} -> 0 | M15: November | N15: {=INDIRECT(LEFT($M15,3) & "!N37")} -> 0 | O15: {=INDIRECT(LEFT($M15,3) & "!O37")} -> 0 | Q15: November | R15: {=INDIRECT(LEFT($Q15,3) & "!R26")} -> 0 | S15: {=INDIRECT(LEFT($Q15,3) & "!S26")} -> 0 | T15: Nov
I16: December | J16: {=INDIRECT(LEFT($I16,3) & "!I26")} -> 0 | K16: {=INDIRECT(LEFT($I16,3) & "!J26")} -> 0 | M16: December | N16: {=INDIRECT(LEFT($M16,3) & "!N37")} -> 0 | O16: {=INDIRECT(LEFT($M16,3) & "!O37")} -> 0 | Q16: December | R16: {=INDIRECT(LEFT($Q16,3) & "!R26")} -> 0 | S16: {=INDIRECT(LEFT($Q16,3) & "!S26")} -> 0 | T16: Dec
I17: Total | J17: =SUM(J5:J16) -> 0 | K17: =SUM(K5:K16) -> 0 | M17: Total | N17: =SUM(N5:N16) -> 0 | O17: =SUM(O5:O16) -> 0 | Q17: Total | R17: =SUM(R5:R16) -> 0 | S17: =SUM(S5:S16) -> 0
M20: Total Debt Payments | Q20: Total Savings
J21: =S17 -> 0 | M21: Month | N21: Budget | O21: Actual | Q21: Month | R21: Budget | S21: Actual
M22: January | N22: {=INDIRECT(LEFT($M22,3) & "!R37")} -> 0 | O22: {=INDIRECT(LEFT($M22,3) & "!S37")} -> 0 | Q22: January | R22: {=INDIRECT(LEFT($M22,3) & "!I37")} -> 0 | S22: {=INDIRECT(LEFT($M22,3) & "!J37")} -> 0
M23: February | N23: {=INDIRECT(LEFT($M23,3) & "!R37")} -> 0 | O23: {=INDIRECT(LEFT($M23,3) & "!S37")} -> 0 | Q23: February | R23: {=INDIRECT(LEFT($M23,3) & "!I37")} -> 0 | S23: {=INDIRECT(LEFT($M23,3) & "!J37")} -> 0
J24: =O34 -> 0 | M24: March | N24: {=INDIRECT(LEFT($M24,3) & "!R37")} -> 0 | O24: {=INDIRECT(LEFT($M24,3) & "!S37")} -> 0 | Q24: March | R24: {=INDIRECT(LEFT($M24,3) & "!I37")} -> 0 | S24: {=INDIRECT(LEFT($M24,3) & "!J37")} -> 0
M25: April | N25: {=INDIRECT(LEFT($M25,3) & "!R37")} -> 0 | O25: {=INDIRECT(LEFT($M25,3) & "!S37")} -> 0 | Q25: April | R25: {=INDIRECT(LEFT($M25,3) & "!I37")} -> 0 | S25: {=INDIRECT(LEFT($M25,3) & "!J37")} -> 0
D26: =O17 -> 0 | M26: May | N26: {=INDIRECT(LEFT($M26,3) & "!R37")} -> 0 | O26: {=INDIRECT(LEFT($M26,3) & "!S37")} -> 0 | Q26: May | R26: {=INDIRECT(LEFT($M26,3) & "!I37")} -> 0 | S26: {=INDIRECT(LEFT($M26,3) & "!J37")} -> 0
J27: =S34 -> 0 | M27: June | N27: {=INDIRECT(LEFT($M27,3) & "!R37")} -> 0 | O27: {=INDIRECT(LEFT($M27,3) & "!S37")} -> 0 | Q27: June | R27: {=INDIRECT(LEFT($M27,3) & "!I37")} -> 0 | S27: {=INDIRECT(LEFT($M27,3) & "!J37")} -> 0
M28: July | N28: {=INDIRECT(LEFT($M28,3) & "!R37")} -> 0 | O28: {=INDIRECT(LEFT($M28,3) & "!S37")} -> 0 | Q28: July | R28: {=INDIRECT(LEFT($M28,3) & "!I37")} -> 0 | S28: {=INDIRECT(LEFT($M28,3) & "!J37")} -> 0
M29: August | N29: {=INDIRECT(LEFT($M29,3) & "!R37")} -> 0 | O29: {=INDIRECT(LEFT($M29,3) & "!S37")} -> 0 | Q29: August | R29: {=INDIRECT(LEFT($M29,3) & "!I37")} -> 0 | S29: {=INDIRECT(LEFT($M29,3) & "!J37")} -> 0
M30: September | N30: {=INDIRECT(LEFT($M30,3) & "!R37")} -> 0 | O30: {=INDIRECT(LEFT($M30,3) & "!S37")} -> 0 | Q30: September | R30: {=INDIRECT(LEFT($M30,3) & "!I37")} -> 0 | S30: {=INDIRECT(LEFT($M30,3) & "!J37")} -> 0 | U30: → HIDDEN COLUMNS
M31: October | N31: {=INDIRECT(LEFT($M31,3) & "!R37")} -> 0 | O31: {=INDIRECT(LEFT($M31,3) & "!S37")} -> 0 | Q31: October | R31: {=INDIRECT(LEFT($M31,3) & "!I37")} -> 0 | S31: {=INDIRECT(LEFT($M31,3) & "!J37")} -> 0
J32: Need support with your goals? | M32: November | N32: {=INDIRECT(LEFT($M32,3) & "!R37")} -> 0 | O32: {=INDIRECT(LEFT($M32,3) & "!S37")} -> 0 | Q32: November | R32: {=INDIRECT(LEFT($M32,3) & "!I37")} -> 0 | S32: {=INDIRECT(LEFT($M32,3) & "!J37")} -> 0 | U32: Total Savings Bar Chart (% of the way to hit your goals)
J33: Make an appointment. | M33: December | N33: {=INDIRECT(LEFT($M33,3) & "!R37")} -> 0 | O33: {=INDIRECT(LEFT($M33,3) & "!S37")} -> 0 | Q33: December | R33: {=INDIRECT(LEFT($M33,3) & "!I37")} -> 0 | S33: {=INDIRECT(LEFT($M33,3) & "!J37")} -> 0 | U33: Progress | V33: Remaining
M34: Total | N34: =SUM(N22:N33) -> 0 | O34: =SUM(O22:O33) -> 0 | Q34: Total | R34: =SUM(R22:R33) -> 0 | S34: =SUM(S22:S33) -> 0 | U34: =S34/R34 -> #DIV/0! | V34: =1-U34 -> #DIV/0!

Sheet Jan
U1: → HIDDEN COLUMNS
O2: =J26-O37-S26-S37 -> 0
V4: Spending Breakdown Chart
V5: Category | W5: Budget | X5: Actual | Y5: % of Total Out
V6: Savings | W6: =I37 -> 0 | X6: =J37 -> 0 | Y6: =X6/$X$10 -> #DIV/0!
V7: Expenses | W7: =N37 -> 0 | X7: =O37 -> 0 | Y7: =X7/$X$10 -> #DIV/0!
V8: Bills | W8: =R26 -> 0 | X8: =S26 -> 0 | Y8: =X8/$X$10 -> #DIV/0!
V9: Debt payments | W9: =R37 -> 0 | X9: =S37 -> 0 | Y9: =X9/$X$10 -> #DIV/0!
V10: Total Out | W10: =SUM(W6:W9) -> 0 | X10: =SUM(X6:X9) -> 0 | Y10: =X10/$X$10 -> #DIV/0!
V11: Income | W11: =I26 -> 0 | X11: =J26 -> 0 | Y11: Mar
X12: Apr
V13: Savings Breakdown Chart
V14: =H30 -> Description | W14: Budget | X14: Actual | Y14: % of Total Out
V15: =H31 -> 0 | W15: =I31 -> 0 | X15: =J31 -> 0 | Y15: =X15/$X$20 -> #DIV/0!
V16: =H32 -> 0 | W16: =I32 -> 0 | X16: =J32 -> 0 | Y16: =X16/$X$20 -> #DIV/0!
V17: =H33 -> 0 | W17: =I33 -> 0 | X17: =J33 -> 0 | Y17: =X17/$X$20 -> #DIV/0!
H18: Total Income | L18: Total Expenses | Q18: Total Bills | V18: =H34 -> 0 | W18: =I34 -> 0 | X18: =J34 -> 0 | Y18: =X18/$X$20 -> #DIV/0!
H19: Description | I19: Budget | J19: Actual | L19: Category | M19: Description | N19: Budget | O19: Actual | Q19: Description | R19: Budget | S19: Actuals | V19: =H35 -> 0 | W19: =I35 -> 0 | X19: =J35 -> 0 | Y19: =X19/$X$20 -> #DIV/0!
V20: Total Out | W20: =SUM(W15:W19) -> 0 | X20: =SUM(X15:X19) -> 0 | Y20: =X20/$X$20 -> #DIV/0!
V22: Named ranges for chart to hide blank rows
V23: savings_labels | W23: savings_data | X23: savings_dollars | Y23: savings_datalabels
V24: {=_xlfn._xlws.FILTER($V$15:$V$19,$V$15:$V$19<>0,NA())} -> #N/A | W24: {=_xlfn._xlws.FILTER($Y$15:$Y$19,$V$15:$V$19<>0,NA())} -> #N/A | X24: {=_xlfn._xlws.FILTER($X$15:$X$19,$V$15:$V$19<>0,NA())} -> #N/A | Y24: =TEXT(X24, "$0,0") & " " & TEXT(W24,"0%") -> #N/A
Y25: =TEXT(X25, "$0,0") & " " & TEXT(W25,"0%") -> $00 0%
H26: Total | I26: =SUM(I20:I25) -> 0 | J26: =SUM(J20:J25) -> 0 | Q26: Total | R26: =SUM(R20:R25) -> 0 | S26: =SUM(S20:S25) -> 0 | Y26: =TEXT(X26, "$0,0") & " " & TEXT(W26,"0%") -> $00 0%
Y27: =TEXT(X27, "$0,0") & " " & TEXT(W27,"0%") -> $00 0%
Y28: =TEXT(X28, "$0,0") & " " & TEXT(W28,"0%") -> $00 0%
H29: Total Savings | Q29: Total Bills
H30: Description | I30: Budget | J30: Actual | Q30: Description | R30: Budget | S30: Actuals
H37: Total | I37: =SUM(I31:I36) -> 0 | J37: =SUM(J31:J36) -> 0 | L37: Total | N37: =SUM(N20:N36) -> 0 | O37: =SUM(O20:O36) -> 0 | Q37: Total | R37: =SUM(R31:R36) -> 0 | S37: =SUM(S31:S36) -> 0
H39: =Dropdowns!$D$6 -> This budget planner is based on the accuracy and completeness of the data you have entered, is for illustrative and general information purposes only, and is not intended to provide specific financial, legal, tax, investment planning or other advice. Speak with your financial advisor to ensure that your strategy takes into account your personal circumstances and meets your financial needs. Vancity does not make any express or implied warranties or representations with respect to any information or results in connection with the budget planner. Vancity will not be liable for any losses or damages arising from any errors or omissions in any information or results, or any action or decision made by you in reliance on any information or results.

Sheet Feb
U1: → HIDDEN COLUMNS
O2: =J26-O37-S26-S37 -> 0
V4: Spending Breakdown Chart
V5: Category | W5: Budget | X5: Actual | Y5: % of Total Out
V6: Savings | W6: =I37 -> 0 | X6: =J37 -> 0 | Y6: =X6/$X$10 -> #DIV/0!
V7: Expenses | W7: =N37 -> 0 | X7: =O37 -> 0 | Y7: =X7/$X$10 -> #DIV/0!
V8: Bills | W8: =R26 -> 0 | X8: =S26 -> 0 | Y8: =X8/$X$10 -> #DIV/0!
V9: Debt payments | W9: =R37 -> 0 | X9: =S37 -> 0 | Y9: =X9/$X$10 -> #DIV/0!
V10: Total Out | W10: =SUM(W6:W9) -> 0 | X10: =SUM(X6:X9) -> 0 | Y10: =X10/$X$10 -> #DIV/0!
V11: Income | W11: =I26 -> 0 | X11: =J26 -> 0 | Y11: Mar
X12: Apr
V13: Savings Breakdown Chart
V14: =H30 -> Description | W14: Budget | X14: Actual | Y14: % of Total Out
V15: =H31 -> 0 | W15: =I31 -> 0 | X15: =J31 -> 0 | Y15: =X15/$X$20 -> #DIV/0!
V16: =H32 -> 0 | W16: =I32 -> 0 | X16: =J32 -> 0 | Y16: =X16/$X$20 -> #DIV/0!
V17: =H33 -> 0 | W17: =I33 -> 0 | X17: =J33 -> 0 | Y17: =X17/$X$20 -> #DIV/0!
H18: Total Income | L18: Total Expenses | Q18: Total Bills | V18: =H34 -> 0 | W18: =I34 -> 0 | X18: =J34 -> 0 | Y18: =X18/$X$20 -> #DIV/0!
H19: Description | I19: Budget | J19: Actual | L19: Category | M19: Description | N19: Budget | O19: Actual | Q19: Description | R19: Budget | S19: Actuals | V19: =H35 -> 0 | W19: =I35 -> 0 | X19: =J35 -> 0 | Y19: =X19/$X$20 -> #DIV/0!
V20: Total Out | W20: =SUM(W15:W19) -> 0 | X20: =SUM(X15:X19) -> 0 | Y20: =X20/$X$20 -> #DIV/0!
V22: Named ranges for chart to hide blank rows
V23: savings_labels | W23: savings_data | X23: savings_dollars | Y23: savings_datalabels
V24: {=_xlfn._xlws.FILTER($V$15:$V$19,$V$15:$V$19<>0,NA())} -> #N/A | W24: {=_xlfn._xlws.FILTER($Y$15:$Y$19,$V$15:$V$19<>0,NA())} -> #N/A | X24: {=_xlfn._xlws.FILTER($X$15:$X$19,$V$15:$V$19<>0,NA())} -> #N/A | Y24: =TEXT(X24, "$0,0") & " " & TEXT(W24,"0%") -> #N/A
Y25: =TEXT(X25, "$0,0") & " " & TEXT(W25,"0%") -> $00 0%
H26: Total | I26: =SUM(I20:I25) -> 0 | J26: =SUM(J20:J25) -> 0 | Q26: Total | R26: =SUM(R20:R25) -> 0 | S26: =SUM(S20:S25) -> 0 | Y26: =TEXT(X26, "$0,0") & " " & TEXT(W26,"0%") -> $00 0%
Y27: =TEXT(X27, "$0,0") & " " & TEXT(W27,"0%") -> $00 0%
Y28: =TEXT(X28, "$0,0") & " " & TEXT(W28,"0%") -> $00 0%
H29: Total Savings | Q29: Total Bills
H30: Description | I30: Budget | J30: Actual | Q30: Description | R30: Budget | S30: Actuals
H37: Total | I37: =SUM(I31:I36) -> 0 | J37: =SUM(J31:J36) -> 0 | L37: Total | N37: =SUM(N20:N36) -> 0 | O37: =SUM(O20:O36) -> 0 | Q37: Total | R37: =SUM(R31:R36) -> 0 | S37: =SUM(S31:S36) -> 0
H39: =Dropdowns!$D$6 -> This budget planner is based on the accuracy and completeness of the data you have entered, is for illustrative and general information purposes only, and is not intended to provide specific financial, legal, tax, investment planning or other advice. Speak with your financial advisor to ensure that your strategy takes into account your personal circumstances and meets your financial needs. Vancity does not make any express or implied warranties or representations with respect to any information or results in connection with the budget planner. Vancity will not be liable for any losses or damages arising from any errors or omissions in any information or results, or any action or decision made by you in reliance on any information or results.

Sheet Mar
U1: → HIDDEN COLUMNS
O2: =J26-O37-S26-S37 -> 0
V4: Spending Breakdown Chart
V5: Category | W5: Budget | X5: Actual | Y5: % of Total Out
V6: Savings | W6: =I37 -> 0 | X6: =J37 -> 0 | Y6: =X6/$X$10 -> #DIV/0!
V7: Expenses | W7: =N37 -> 0 | X7: =O37 -> 0 | Y7: =X7/$X$10 -> #DIV/0!
V8: Bills | W8: =R26 -> 0 | X8: =S26 -> 0 | Y8: =X8/$X$10 -> #DIV/0!
V9: Debt payments | W9: =R37 -> 0 | X9: =S37 -> 0 | Y9: =X9/$X$10 -> #DIV/0!
V10: Total Out | W10: =SUM(W6:W9) -> 0 | X10: =SUM(X6:X9) -> 0 | Y10: =X10/$X$10 -> #DIV/0!
V11: Income | W11: =I26 -> 0 | X11: =J26 -> 0 | Y11: Mar
X12: Apr
V13: Savings Breakdown Chart
V14: =H30 -> Description | W14: Budget | X14: Actual | Y14: % of Total Out
V15: =H31 -> 0 | W15: =I31 -> 0 | X15: =J31 -> 0 | Y15: =X15/$X$20 -> #DIV/0!
V16: =H32 -> 0 | W16: =I32 -> 0 | X16: =J32 -> 0 | Y16: =X16/$X$20 -> #DIV/0!
V17: =H33 -> 0 | W17: =I33 -> 0 | X17: =J33 -> 0 | Y17: =X17/$X$20 -> #DIV/0!
H18: Total Income | L18: Total Expenses | Q18: Total Bills | V18: =H34 -> 0 | W18: =I34 -> 0 | X18: =J34 -> 0 | Y18: =X18/$X$20 -> #DIV/0!
H19: Description | I19: Budget | J19: Actual | L19: Category | M19: Description | N19: Budget | O19: Actual | Q19: Description | R19: Budget | S19: Actuals | V19: =H35 -> 0 | W19: =I35 -> 0 | X19: =J35 -> 0 | Y19: =X19/$X$20 -> #DIV/0!
V20: Total Out | W20: =SUM(W15:W19) -> 0 | X20: =SUM(X15:X19) -> 0 | Y20: =X20/$X$20 -> #DIV/0!
V22: Named ranges for chart to hide blank rows
V23: savings_labels | W23: savings_data | X23: savings_dollars | Y23: savings_datalabels
V24: {=_xlfn._xlws.FILTER($V$15:$V$19,$V$15:$V$19<>0,NA())} -> #N/A | W24: {=_xlfn._xlws.FILTER($Y$15:$Y$19,$V$15:$V$19<>0,NA())} -> #N/A | X24: {=_xlfn._xlws.FILTER($X$15:$X$19,$V$15:$V$19<>0,NA())} -> #N/A | Y24: =TEXT(X24, "$0,0") & " " & TEXT(W24,"0%") -> #N/A
Y25: =TEXT(X25, "$0,0") & " " & TEXT(W25,"0%") -> $00 0%
H26: Total | I26: =SUM(I20:I25) -> 0 | J26: =SUM(J20:J25) -> 0 | Q26: Total | R26: =SUM(R20:R25) -> 0 | S26: =SUM(S20:S25) -> 0 | Y26: =TEXT(X26, "$0,0") & " " & TEXT(W26,"0%") -> $00 0%
Y27: =TEXT(X27, "$0,0") & " " & TEXT(W27,"0%") -> $00 0%
Y28: =TEXT(X28, "$0,0") & " " & TEXT(W28,"0%") -> $00 0%
H29: Total Savings | Q29: Total Bills
H30: Description | I30: Budget | J30: Actual | Q30: Description | R30: Budget | S30: Actuals
H37: Total | I37: =SUM(I31:I36) -> 0 | J37: =SUM(J31:J36) -> 0 | L37: Total | N37: =SUM(N20:N36) -> 0 | O37: =SUM(O20:O36) -> 0 | Q37: Total | R37: =SUM(R31:R36) -> 0 | S37: =SUM(S31:S36) -> 0
H39: =Dropdowns!$D$6 -> This budget planner is based on the accuracy and completeness of the data you have entered, is for illustrative and general information purposes only, and is not intended to provide specific financial, legal, tax, investment planning or other advice. Speak with your financial advisor to ensure that your strategy takes into account your personal circumstances and meets your financial needs. Vancity does not make any express or implied warranties or representations with respect to any information or results in connection with the budget planner. Vancity will not be liable for any losses or damages arising from any errors or omissions in any information or results, or any action or decision made by you in reliance on any information or results.

Sheet Apr
U1: → HIDDEN COLUMNS
O2: =J26-O37-S26-S37 -> 0
V4: Spending Breakdown Chart
V5: Category | W5: Budget | X5: Actual | Y5: % of Total Out
V6: Savings | W6: =I37 -> 0 | X6: =J37 -> 0 | Y6: =X6/$X$10 -> #DIV/0!
V7: Expenses | W7: =N37 -> 0 | X7: =O37 -> 0 | Y7: =X7/$X$10 -> #DIV/0!
V8: Bills | W8: =R26 -> 0 | X8: =S26 -> 0 | Y8: =X8/$X$10 -> #DIV/0!
V9: Debt payments | W9: =R37 -> 0 | X9: =S37 -> 0 | Y9: =X9/$X$10 -> #DIV/0!
V10: Total Out | W10: =SUM(W6:W9) -> 0 | X10: =SUM(X6:X9) -> 0 | Y10: =X10/$X$10 -> #DIV/0!
V11: Income | W11: =I26 -> 0 | X11: =J26 -> 0 | Y11: Mar
X12: Apr
V13: Savings Breakdown Chart
V14: =H30 -> Description | W14: Budget | X14: Actual | Y14: % of Total Out
V15: =H31 -> 0 | W15: =I31 -> 0 | X15: =J31 -> 0 | Y15: =X15/$X$20 -> #DIV/0!
V16: =H32 -> 0 | W16: =I32 -> 0 | X16: =J32 -> 0 | Y16: =X16/$X$20 -> #DIV/0!
V17: =H33 -> 0 | W17: =I33 -> 0 | X17: =J33 -> 0 | Y17: =X17/$X$20 -> #DIV/0!
H18: Total Income | L18: Total Expenses | Q18: Total Bills | V18: =H34 -> 0 | W18: =I34 -> 0 | X18: =J34 -> 0 | Y18: =X18/$X$20 -> #DIV/0!
H19: Description | I19: Budget | J19: Actual | L19: Category | M19: Description | N19: Budget | O19: Actual | Q19: Description | R19: Budget | S19: Actuals | V19: =H35 -> 0 | W19: =I35 -> 0 | X19: =J35 -> 0 | Y19: =X19/$X$20 -> #DIV/0!
V20: Total Out | W20: =SUM(W15:W19) -> 0 | X20: =SUM(X15:X19) -> 0 | Y20: =X20/$X$20 -> #DIV/0!
V22: Named ranges for chart to hide blank rows
V23: savings_labels | W23: savings_data | X23: savings_dollars | Y23: savings_datalabels
V24: {=_xlfn._xlws.FILTER($V$15:$V$19,$V$15:$V$19<>0,NA())} -> #N/A | W24: {=_xlfn._xlws.FILTER($Y$15:$Y$19,$V$15:$V$19<>0,NA())} -> #N/A | X24: {=_xlfn._xlws.FILTER($X$15:$X$19,$V$15:$V$19<>0,NA())} -> #N/A | Y24: =TEXT(X24, "$0,0") & " " & TEXT(W24,"0%") -> #N/A
Y25: =TEXT(X25, "$0,0") & " " & TEXT(W25,"0%") -> $00 0%
H26: Total | I26: =SUM(I20:I25) -> 0 | J26: =SUM(J20:J25) -> 0 | Q26: Total | R26: =SUM(R20:R25) -> 0 | S26: =SUM(S20:S25) -> 0 | Y26: =TEXT(X26, "$0,0") & " " & TEXT(W26,"0%") -> $00 0%
Y27: =TEXT(X27, "$0,0") & " " & TEXT(W27,"0%") -> $00 0%
Y28: =TEXT(X28, "$0,0") & " " & TEXT(W28,"0%") -> $00 0%
H29: Total Savings | Q29: Total Bills
H30: Description | I30: Budget | J30: Actual | Q30: Description | R30: Budget | S30: Actuals
H37: Total | I37: =SUM(I31:I36) -> 0 | J37: =SUM(J31:J36) -> 0 | L37: Total | N37: =SUM(N20:N36) -> 0 | O37: =SUM(O20:O36) -> 0 | Q37: Total | R37: =SUM(R31:R36) -> 0 | S37: =SUM(S31:S36) -> 0
H39: =Dropdowns!$D$6 -> This budget planner is based on the accuracy and completeness of the data you have entered, is for illustrative and general information purposes only, and is not intended to provide specific financial, legal, tax, investment planning or other advice. Speak with your financial advisor to ensure that your strategy takes into account your personal circumstances and meets your financial needs. Vancity does not make any express or implied warranties or representations with respect to any information or results in connection with the budget planner. Vancity will not be liable for any losses or damages arising from any errors or omissions in any information or results, or any action or decision made by you in reliance on any information or results.

Sheet May
U1: → HIDDEN COLUMNS
O2: =J26-O37-S26-S37 -> 0
V4: Spending Breakdown Chart
V5: Category | W5: Budget | X5: Actual | Y5: % of Total Out
V6: Savings | W6: =I37 -> 0 | X6: =J37 -> 0 | Y6: =X6/$X$10 -> #DIV/0!
V7: Expenses | W7: =N37 -> 0 | X7: =O37 -> 0 | Y7: =X7/$X$10 -> #DIV/0!
V8: Bills | W8: =R26 -> 0 | X8: =S26 -> 0 | Y8: =X8/$X$10 -> #DIV/0!
V9: Debt payments | W9: =R37 -> 0 | X9: =S37 -> 0 | Y9: =X9/$X$10 -> #DIV/0!
V10: Total Out | W10: =SUM(W6:W9) -> 0 | X10: =SUM(X6:X9) -> 0 | Y10: =X10/$X$10 -> #DIV/0!
V11: Income | W11: =I26 -> 0 | X11: =J26 -> 0 | Y11: Mar
X12: Apr
V13: Savings Breakdown Chart
V14: =H30 -> Description | W14: Budget | X14: Actual | Y14: % of Total Out
V15: =H31 -> 0 | W15: =I31 -> 0 | X15: =J31 -> 0 | Y15: =X15/$X$20 -> #DIV/0!
V16: =H32 -> 0 | W16: =I32 -> 0 | X16: =J32 -> 0 | Y16: =X16/$X$20 -> #DIV/0!
V17: =H33 -> 0 | W17: =I33 -> 0 | X17: =J33 -> 0 | Y17: =X17/$X$20 -> #DIV/0!
H18: Total Income | L18: Total Expenses | Q18: Total Bills | V18: =H34 -> 0 | W18: =I34 -> 0 | X18: =J34 -> 0 | Y18: =X18/$X$20 -> #DIV/0!
H19: Description | I19: Budget | J19: Actual | L19: Category | M19: Description | N19: Budget | O19: Actual | Q19: Description | R19: Budget | S19: Actuals | V19: =H35 -> 0 | W19: =I35 -> 0 | X19: =J35 -> 0 | Y19: =X19/$X$20 -> #DIV/0!
V20: Total Out | W20: =SUM(W15:W19) -> 0 | X20: =SUM(X15:X19) -> 0 | Y20: =X20/$X$20 -> #DIV/0!
V22: Named ranges for chart to hide blank rows
V23: savings_labels | W23: savings_data | X23: savings_dollars | Y23: savings_datalabels
V24: {=_xlfn._xlws.FILTER($V$15:$V$19,$V$15:$V$19<>0,NA())} -> #N/A | W24: {=_xlfn._xlws.FILTER($Y$15:$Y$19,$V$15:$V$19<>0,NA())} -> #N/A | X24: {=_xlfn._xlws.FILTER($X$15:$X$19,$V$15:$V$19<>0,NA())} -> #N/A | Y24: =TEXT(X24, "$0,0") & " " & TEXT(W24,"0%") -> #N/A
Y25: =TEXT(X25, "$0,0") & " " & TEXT(W25,"0%") -> $00 0%
H26: Total | I26: =SUM(I20:I25) -> 0 | J26: =SUM(J20:J25) -> 0 | Q26: Total | R26: =SUM(R20:R25) -> 0 | S26: =SUM(S20:S25) -> 0 | Y26: =TEXT(X26, "$0,0") & " " & TEXT(W26,"0%") -> $00 0%
Y27: =TEXT(X27, "$0,0") & " " & TEXT(W27,"0%") -> $00 0%
Y28: =TEXT(X28, "$0,0") & " " & TEXT(W28,"0%") -> $00 0%
H29: Total Savings | Q29: Total Bills
H30: Description | I30: Budget | J30: Actual | Q30: Description | R30: Budget | S30: Actuals
H37: Total | I37: =SUM(I31:I36) -> 0 | J37: =SUM(J31:J36) -> 0 | L37: Total | N37: =SUM(N20:N36) -> 0 | O37: =SUM(O20:O36) -> 0 | Q37: Total | R37: =SUM(R31:R36) -> 0 | S37: =SUM(S31:S36) -> 0
H39: =Dropdowns!$D$6 -> This budget planner is based on the accuracy and completeness of the data you have entered, is for illustrative and general information purposes only, and is not intended to provide specific financial, legal, tax, investment planning or other advice. Speak with your financial advisor to ensure that your strategy takes into account your personal circumstances and meets your financial needs. Vancity does not make any express or implied warranties or representations with respect to any information or results in connection with the budget planner. Vancity will not be liable for any losses or damages arising from any errors or omissions in any information or results, or any action or decision made by you in reliance on any information or results.

Sheet Jun
U1: → HIDDEN COLUMNS
O2: =J26-O37-S26-S37 -> 0
V4: Spending Breakdown Chart
V5: Category | W5: Budget | X5: Actual | Y5: % of Total Out
V6: Savings | W6: =I37 -> 0 | X6: =J37 -> 0 | Y6: =X6/$X$10 -> #DIV/0!
V7: Expenses | W7: =N37 -> 0 | X7: =O37 -> 0 | Y7: =X7/$X$10 -> #DIV/0!
V8: Bills | W8: =R26 -> 0 | X8: =S26 -> 0 | Y8: =X8/$X$10 -> #DIV/0!
V9: Debt payments | W9: =R37 -> 0 | X9: =S37 -> 0 | Y9: =X9/$X$10 -> #DIV/0!
V10: Total Out | W10: =SUM(W6:W9) -> 0 | X10: =SUM(X6:X9) -> 0 | Y10: =X10/$X$10 -> #DIV/0!
V11: Income | W11: =I26 -> 0 | X11: =J26 -> 0 | Y11: Mar
X12: Apr
V13: Savings Breakdown Chart
V14: =H30 -> Description | W14: Budget | X14: Actual | Y14: % of Total Out
V15: =H31 -> 0 | W15: =I31 -> 0 | X15: =J31 -> 0 | Y15: =X15/$X$20 -> #DIV/0!
V16: =H32 -> 0 | W16: =I32 -> 0 | X16: =J32 -> 0 | Y16: =X16/$X$20 -> #DIV/0!
V17: =H33 -> 0 | W17: =I33 -> 0 | X17: =J33 -> 0 | Y17: =X17/$X$20 -> #DIV/0!
H18: Total Income | L18: Total Expenses | Q18: Total Bills | V18: =H34 -> 0 | W18: =I34 -> 0 | X18: =J34 -> 0 | Y18: =X18/$X$20 -> #DIV/0!
H19: Description | I19: Budget | J19: Actual | L19: Category | M19: Description | N19: Budget | O19: Actual | Q19: Description | R19: Budget | S19: Actuals | V19: =H35 -> 0 | W19: =I35 -> 0 | X19: =J35 -> 0 | Y19: =X19/$X$20 -> #DIV/0!
V20: Total Out | W20: =SUM(W15:W19) -> 0 | X20: =SUM(X15:X19) -> 0 | Y20: =X20/$X$20 -> #DIV/0!
V22: Named ranges for chart to hide blank rows
V23: savings_labels | W23: savings_data | X23: savings_dollars | Y23: savings_datalabels
V24: {=_xlfn._xlws.FILTER($V$15:$V$19,$V$15:$V$19<>0,NA())} -> #N/A | W24: {=_xlfn._xlws.FILTER($Y$15:$Y$19,$V$15:$V$19<>0,NA())} -> #N/A | X24: {=_xlfn._xlws.FILTER($X$15:$X$19,$V$15:$V$19<>0,NA())} -> #N/A | Y24: =TEXT(X24, "$0,0") & " " & TEXT(W24,"0%") -> #N/A
Y25: =TEXT(X25, "$0,0") & " " & TEXT(W25,"0%") -> $00 0%
H26: Total | I26: =SUM(I20:I25) -> 0 | J26: =SUM(J20:J25) -> 0 | Q26: Total | R26: =SUM(R20:R25) -> 0 | S26: =SUM(S20:S25) -> 0 | Y26: =TEXT(X26, "$0,0") & " " & TEXT(W26,"0%") -> $00 0%
Y27: =TEXT(X27, "$0,0") & " " & TEXT(W27,"0%") -> $00 0%
Y28: =TEXT(X28, "$0,0") & " " & TEXT(W28,"0%") -> $00 0%
H29: Total Savings | Q29: Total Bills
H30: Description | I30: Budget | J30: Actual | Q30: Description | R30: Budget | S30: Actuals
H37: Total | I37: =SUM(I31:I36) -> 0 | J37: =SUM(J31:J36) -> 0 | L37: Total | N37: =SUM(N20:N36) -> 0 | O37: =SUM(O20:O36) -> 0 | Q37: Total | R37: =SUM(R31:R36) -> 0 | S37: =SUM(S31:S36) -> 0
H39: =Dropdowns!$D$6 -> This budget planner is based on the accuracy and completeness of the data you have entered, is for illustrative and general information purposes only, and is not intended to provide specific financial, legal, tax, investment planning or other advice. Speak with your financial advisor to ensure that your strategy takes into account your personal circumstances and meets your financial needs. Vancity does not make any express or implied warranties or representations with respect to any information or results in connection with the budget planner. Vancity will not be liable for any losses or damages arising from any errors or omissions in any information or results, or any action or decision made by you in reliance on any information or results.

Sheet Jul
U1: → HIDDEN COLUMNS
O2: =J26-O37-S26-S37 -> 0
V4: Spending Breakdown Chart
V5: Category | W5: Budget | X5: Actual | Y5: % of Total Out
V6: Savings | W6: =I37 -> 0 | X6: =J37 -> 0 | Y6: =X6/$X$10 -> #DIV/0!
V7: Expenses | W7: =N37 -> 0 | X7: =O37 -> 0 | Y7: =X7/$X$10 -> #DIV/0!
V8: Bills | W8: =R26 -> 0 | X8: =S26 -> 0 | Y8: =X8/$X$10 -> #DIV/0!
V9: Debt payments | W9: =R37 -> 0 | X9: =S37 -> 0 | Y9: =X9/$X$10 -> #DIV/0!
V10: Total Out | W10: =SUM(W6:W9) -> 0 | X10: =SUM(X6:X9) -> 0 | Y10: =X10/$X$10 -> #DIV/0!
V11: Income | W11: =I26 -> 0 | X11: =J26 -> 0 | Y11: Mar
X12: Apr
V13: Savings Breakdown Chart
V14: =H30 -> Description | W14: Budget | X14: Actual | Y14: % of Total Out
V15: =H31 -> 0 | W15: =I31 -> 0 | X15: =J31 -> 0 | Y15: =X15/$X$20 -> #DIV/0!
V16: =H32 -> 0 | W16: =I32 -> 0 | X16: =J32 -> 0 | Y16: =X16/$X$20 -> #DIV/0!
V17: =H33 -> 0 | W17: =I33 -> 0 | X17: =J33 -> 0 | Y17: =X17/$X$20 -> #DIV/0!
H18: Total Income | L18: Total Expenses | Q18: Total Bills | V18: =H34 -> 0 | W18: =I34 -> 0 | X18: =J34 -> 0 | Y18: =X18/$X$20 -> #DIV/0!
H19: Description | I19: Budget | J19: Actual | L19: Category | M19: Description | N19: Budget | O19: Actual | Q19: Description | R19: Budget | S19: Actuals | V19: =H35 -> 0 | W19: =I35 -> 0 | X19: =J35 -> 0 | Y19: =X19/$X$20 -> #DIV/0!
V20: Total Out | W20: =SUM(W15:W19) -> 0 | X20: =SUM(X15:X19) -> 0 | Y20: =X20/$X$20 -> #DIV/0!
V22: Named ranges for chart to hide blank rows
V23: savings_labels | W23: savings_data | X23: savings_dollars | Y23: savings_datalabels
V24: {=_xlfn._xlws.FILTER($V$15:$V$19,$V$15:$V$19<>0,NA())} -> #N/A | W24: {=_xlfn._xlws.FILTER($Y$15:$Y$19,$V$15:$V$19<>0,NA())} -> #N/A | X24: {=_xlfn._xlws.FILTER($X$15:$X$19,$V$15:$V$19<>0,NA())} -> #N/A | Y24: =TEXT(X24, "$0,0") & " " & TEXT(W24,"0%") -> #N/A
Y25: =TEXT(X25, "$0,0") & " " & TEXT(W25,"0%") -> $00 0%
H26: Total | I26: =SUM(I20:I25) -> 0 | J26: =SUM(J20:J25) -> 0 | Q26: Total | R26: =SUM(R20:R25) -> 0 | S26: =SUM(S20:S25) -> 0 | Y26: =TEXT(X26, "$0,0") & " " & TEXT(W26,"0%") -> $00 0%
Y27: =TEXT(X27, "$0,0") & " " & TEXT(W27,"0%") -> $00 0%
Y28: =TEXT(X28, "$0,0") & " " & TEXT(W28,"0%") -> $00 0%
H29: Total Savings | Q29: Total Bills
H30: Description | I30: Budget | J30: Actual | Q30: Description | R30: Budget | S30: Actuals
H37: Total | I37: =SUM(I31:I36) -> 0 | J37: =SUM(J31:J36) -> 0 | L37: Total | N37: =SUM(N20:N36) -> 0 | O37: =SUM(O20:O36) -> 0 | Q37: Total | R37: =SUM(R31:R36) -> 0 | S37: =SUM(S31:S36) -> 0
H39: =Dropdowns!$D$6 -> This budget planner is based on the accuracy and completeness of the data you have entered, is for illustrative and general information purposes only, and is not intended to provide specific financial, legal, tax, investment planning or other advice. Speak with your financial advisor to ensure that your strategy takes into account your personal circumstances and meets your financial needs. Vancity does not make any express or implied warranties or representations with respect to any information or results in connection with the budget planner. Vancity will not be liable for any losses or damages arising from any errors or omissions in any information or results, or any action or decision made by you in reliance on any information or results.

Sheet Aug
U1: → HIDDEN COLUMNS
O2: =J26-O37-S26-S37 -> 0
V4: Spending Breakdown Chart
V5: Category | W5: Budget | X5: Actual | Y5: % of Total Out
V6: Savings | W6: =I37 -> 0 | X6: =J37 -> 0 | Y6: =X6/$X$10 -> #DIV/0!
V7: Expenses | W7: =N37 -> 0 | X7: =O37 -> 0 | Y7: =X7/$X$10 -> #DIV/0!
V8: Bills | W8: =R26 -> 0 | X8: =S26 -> 0 | Y8: =X8/$X$10 -> #DIV/0!
V9: Debt payments | W9: =R37 -> 0 | X9: =S37 -> 0 | Y9: =X9/$X$10 -> #DIV/0!
V10: Total Out | W10: =SUM(W6:W9) -> 0 | X10: =SUM(X6:X9) -> 0 | Y10: =X10/$X$10 -> #DIV/0!
V11: Income | W11: =I26 -> 0 | X11: =J26 -> 0 | Y11: Mar
X12: Apr
V13: Savings Breakdown Chart
V14: =H30 -> Description | W14: Budget | X14: Actual | Y14: % of Total Out
V15: =H31 -> 0 | W15: =I31 -> 0 | X15: =J31 -> 0 | Y15: =X15/$X$20 -> #DIV/0!
V16: =H32 -> 0 | W16: =I32 -> 0 | X16: =J32 -> 0 | Y16: =X16/$X$20 -> #DIV/0!
V17: =H33 -> 0 | W17: =I33 -> 0 | X17: =J33 -> 0 | Y17: =X17/$X$20 -> #DIV/0!
H18: Total Income | L18: Total Expenses | Q18: Total Bills | V18: =H34 -> 0 | W18: =I34 -> 0 | X18: =J34 -> 0 | Y18: =X18/$X$20 -> #DIV/0!
H19: Description | I19: Budget | J19: Actual | L19: Category | M19: Description | N19: Budget | O19: Actual | Q19: Description | R19: Budget | S19: Actuals | V19: =H35 -> 0 | W19: =I35 -> 0 | X19: =J35 -> 0 | Y19: =X19/$X$20 -> #DIV/0!
V20: Total Out | W20: =SUM(W15:W19) -> 0 | X20: =SUM(X15:X19) -> 0 | Y20: =X20/$X$20 -> #DIV/0!
V22: Named ranges for chart to hide blank rows
V23: savings_labels | W23: savings_data | X23: savings_dollars | Y23: savings_datalabels
V24: {=_xlfn._xlws.FILTER($V$15:$V$19,$V$15:$V$19<>0,NA())} -> #N/A | W24: {=_xlfn._xlws.FILTER($Y$15:$Y$19,$V$15:$V$19<>0,NA())} -> #N/A | X24: {=_xlfn._xlws.FILTER($X$15:$X$19,$V$15:$V$19<>0,NA())} -> #N/A | Y24: =TEXT(X24, "$0,0") & " " & TEXT(W24,"0%") -> #N/A
Y25: =TEXT(X25, "$0,0") & " " & TEXT(W25,"0%") -> $00 0%
H26: Total | I26: =SUM(I20:I25) -> 0 | J26: =SUM(J20:J25) -> 0 | Q26: Total | R26: =SUM(R20:R25) -> 0 | S26: =SUM(S20:S25) -> 0 | Y26: =TEXT(X26, "$0,0") & " " & TEXT(W26,"0%") -> $00 0%
Y27: =TEXT(X27, "$0,0") & " " & TEXT(W27,"0%") -> $00 0%
Y28: =TEXT(X28, "$0,0") & " " & TEXT(W28,"0%") -> $00 0%
H29: Total Savings | Q29: Total Bills
H30: Description | I30: Budget | J30: Actual | Q30: Description | R30: Budget | S30: Actuals
H37: Total | I37: =SUM(I31:I36) -> 0 | J37: =SUM(J31:J36) -> 0 | L37: Total | N37: =SUM(N20:N36) -> 0 | O37: =SUM(O20:O36) -> 0 | Q37: Total | R37: =SUM(R31:R36) -> 0 | S37: =SUM(S31:S36) -> 0
H39: =Dropdowns!$D$6 -> This budget planner is based on the accuracy and completeness of the data you have entered, is for illustrative and general information purposes only, and is not intended to provide specific financial, legal, tax, investment planning or other advice. Speak with your financial advisor to ensure that your strategy takes into account your personal circumstances and meets your financial needs. Vancity does not make any express or implied warranties or representations with respect to any information or results in connection with the budget planner. Vancity will not be liable for any losses or damages arising from any errors or omissions in any information or results, or any action or decision made by you in reliance on any information or results.

Sheet Sep
U1: → HIDDEN COLUMNS
O2: =J26-O37-S26-S37 -> 0
V4: Spending Breakdown Chart
V5: Category | W5: Budget | X5: Actual | Y5: % of Total Out
V6: Savings | W6: =I37 -> 0 | X6: =J37 -> 0 | Y6: =X6/$X$10 -> #DIV/0!
V7: Expenses | W7: =N37 -> 0 | X7: =O37 -> 0 | Y7: =X7/$X$10 -> #DIV/0!
V8: Bills | W8: =R26 -> 0 | X8: =S26 -> 0 | Y8: =X8/$X$10 -> #DIV/0!
V9: Debt payments | W9: =R37 -> 0 | X9: =S37 -> 0 | Y9: =X9/$X$10 -> #DIV/0!
V10: Total Out | W10: =SUM(W6:W9) -> 0 | X10: =SUM(X6:X9) -> 0 | Y10: =X10/$X$10 -> #DIV/0!
V11: Income | W11: =I26 -> 0 | X11: =J26 -> 0 | Y11: Mar
X12: Apr
V13: Savings Breakdown Chart
V14: =H30 -> Description | W14: Budget | X14: Actual | Y14: % of Total Out
V15: =H31 -> 0 | W15: =I31 -> 0 | X15: =J31 -> 0 | Y15: =X15/$X$20 -> #DIV/0!
V16: =H32 -> 0 | W16: =I32 -> 0 | X16: =J32 -> 0 | Y16: =X16/$X$20 -> #DIV/0!
V17: =H33 -> 0 | W17: =I33 -> 0 | X17: =J33 -> 0 | Y17: =X17/$X$20 -> #DIV/0!
H18: Total Income | L18: Total Expenses | Q18: Total Bills | V18: =H34 -> 0 | W18: =I34 -> 0 | X18: =J34 -> 0 | Y18: =X18/$X$20 -> #DIV/0!
H19: Description | I19: Budget | J19: Actual | L19: Category | M19: Description | N19: Budget | O19: Actual | Q19: Description | R19: Budget | S19: Actuals | V19: =H35 -> 0 | W19: =I35 -> 0 | X19: =J35 -> 0 | Y19: =X19/$X$20 -> #DIV/0!
V20: Total Out | W20: =SUM(W15:W19) -> 0 | X20: =SUM(X15:X19) -> 0 | Y20: =X20/$X$20 -> #DIV/0!
V22: Named ranges for chart to hide blank rows
V23: savings_labels | W23: savings_data | X23: savings_dollars | Y23: savings_datalabels
V24: {=_xlfn._xlws.FILTER($V$15:$V$19,$V$15:$V$19<>0,NA())} -> #N/A | W24: {=_xlfn._xlws.FILTER($Y$15:$Y$19,$V$15:$V$19<>0,NA())} -> #N/A | X24: {=_xlfn._xlws.FILTER($X$15:$X$19,$V$15:$V$19<>0,NA())} -> #N/A | Y24: =TEXT(X24, "$0,0") & " " & TEXT(W24,"0%") -> #N/A
Y25: =TEXT(X25, "$0,0") & " " & TEXT(W25,"0%") -> $00 0%
H26: Total | I26: =SUM(I20:I25) -> 0 | J26: =SUM(J20:J25) -> 0 | Q26: Total | R26: =SUM(R20:R25) -> 0 | S26: =SUM(S20:S25) -> 0 | Y26: =TEXT(X26, "$0,0") & " " & TEXT(W26,"0%") -> $00 0%
Y27: =TEXT(X27, "$0,0") & " " & TEXT(W27,"0%") -> $00 0%
Y28: =TEXT(X28, "$0,0") & " " & TEXT(W28,"0%") -> $00 0%
H29: Total Savings | Q29: Total Bills
H30: Description | I30: Budget | J30: Actual | Q30: Description | R30: Budget | S30: Actuals
H37: Total | I37: =SUM(I31:I36) -> 0 | J37: =SUM(J31:J36) -> 0 | L37: Total | N37: =SUM(N20:N36) -> 0 | O37: =SUM(O20:O36) -> 0 | Q37: Total | R37: =SUM(R31:R36) -> 0 | S37: =SUM(S31:S36) -> 0
H39: =Dropdowns!$D$6 -> This budget planner is based on the accuracy and completeness of the data you have entered, is for illustrative and general information purposes only, and is not intended to provide specific financial, legal, tax, investment planning or other advice. Speak with your financial advisor to ensure that your strategy takes into account your personal circumstances and meets your financial needs. Vancity does not make any express or implied warranties or representations with respect to any information or results in connection with the budget planner. Vancity will not be liable for any losses or damages arising from any errors or omissions in any information or results, or any action or decision made by you in reliance on any information or results.

Sheet Oct
U1: → HIDDEN COLUMNS
O2: =J26-O37-S26-S37 -> 0
V4: Spending Breakdown Chart
V5: Category | W5: Budget | X5: Actual | Y5: % of Total Out
V6: Savings | W6: =I37 -> 0 | X6: =J37 -> 0 | Y6: =X6/$X$10 -> #DIV/0!
V7: Expenses | W7: =N37 -> 0 | X7: =O37 -> 0 | Y7: =X7/$X$10 -> #DIV/0!
V8: Bills | W8: =R26 -> 0 | X8: =S26 -> 0 | Y8: =X8/$X$10 -> #DIV/0!
V9: Debt payments | W9: =R37 -> 0 | X9: =S37 -> 0 | Y9: =X9/$X$10 -> #DIV/0!
V10: Total Out | W10: =SUM(W6:W9) -> 0 | X10: =SUM(X6:X9) -> 0 | Y10: =X10/$X$10 -> #DIV/0!
V11: Income | W11: =I26 -> 0 | X11: =J26 -> 0 | Y11: Mar
X12: Apr
V13: Savings Breakdown Chart
V14: =H30 -> Description | W14: Budget | X14: Actual | Y14: % of Total Out
V15: =H31 -> 0 | W15: =I31 -> 0 | X15: =J31 -> 0 | Y15: =X15/$X$20 -> #DIV/0!
V16: =H32 -> 0 | W16: =I32 -> 0 | X16: =J32 -> 0 | Y16: =X16/$X$20 -> #DIV/0!
V17: =H33 -> 0 | W17: =I33 -> 0 | X17: =J33 -> 0 | Y17: =X17/$X$20 -> #DIV/0!
H18: Total Income | L18: Total Expenses | Q18: Total Bills | V18: =H34 -> 0 | W18: =I34 -> 0 | X18: =J34 -> 0 | Y18: =X18/$X$20 -> #DIV/0!
H19: Description | I19: Budget | J19: Actual | L19: Category | M19: Description | N19: Budget | O19: Actual | Q19: Description | R19: Budget | S19: Actuals | V19: =H35 -> 0 | W19: =I35 -> 0 | X19: =J35 -> 0 | Y19: =X19/$X$20 -> #DIV/0!
V20: Total Out | W20: =SUM(W15:W19) -> 0 | X20: =SUM(X15:X19) -> 0 | Y20: =X20/$X$20 -> #DIV/0!
V22: Named ranges for chart to hide blank rows
V23: savings_labels | W23: savings_data | X23: savings_dollars | Y23: savings_datalabels
V24: {=_xlfn._xlws.FILTER($V$15:$V$19,$V$15:$V$19<>0,NA())} -> #N/A | W24: {=_xlfn._xlws.FILTER($Y$15:$Y$19,$V$15:$V$19<>0,NA())} -> #N/A | X24: {=_xlfn._xlws.FILTER($X$15:$X$19,$V$15:$V$19<>0,NA())} -> #N/A | Y24: =TEXT(X24, "$0,0") & " " & TEXT(W24,"0%") -> #N/A
Y25: =TEXT(X25, "$0,0") & " " & TEXT(W25,"0%") -> $00 0%
H26: Total | I26: =SUM(I20:I25) -> 0 | J26: =SUM(J20:J25) -> 0 | Q26: Total | R26: =SUM(R20:R25) -> 0 | S26: =SUM(S20:S25) -> 0 | Y26: =TEXT(X26, "$0,0") & " " & TEXT(W26,"0%") -> $00 0%
Y27: =TEXT(X27, "$0,0") & " " & TEXT(W27,"0%") -> $00 0%
Y28: =TEXT(X28, "$0,0") & " " & TEXT(W28,"0%") -> $00 0%
H29: Total Savings | Q29: Total Bills
H30: Description | I30: Budget | J30: Actual | Q30: Description | R30: Budget | S30: Actuals
H37: Total | I37: =SUM(I31:I36) -> 0 | J37: =SUM(J31:J36) -> 0 | L37: Total | N37: =SUM(N20:N36) -> 0 | O37: =SUM(O20:O36) -> 0 | Q37: Total | R37: =SUM(R31:R36) -> 0 | S37: =SUM(S31:S36) -> 0
H39: =Dropdowns!$D$6 -> This budget planner is based on the accuracy and completeness of the data you have entered, is for illustrative and general information purposes only, and is not intended to provide specific financial, legal, tax, investment planning or other advice. Speak with your financial advisor to ensure that your strategy takes into account your personal circumstances and meets your financial needs. Vancity does not make any express or implied warranties or representations with respect to any information or results in connection with the budget planner. Vancity will not be liable for any losses or damages arising from any errors or omissions in any information or results, or any action or decision made by you in reliance on any information or results.

Sheet Nov
U1: → HIDDEN COLUMNS
O2: =J26-O37-S26-S37 -> 0
V4: Spending Breakdown Chart
V5: Category | W5: Budget | X5: Actual | Y5: % of Total Out
V6: Savings | W6: =I37 -> 0 | X6: =J37 -> 0 | Y6: =X6/$X$10 -> #DIV/0!
V7: Expenses | W7: =N37 -> 0 | X7: =O37 -> 0 | Y7: =X7/$X$10 -> #DIV/0!
V8: Bills | W8: =R26 -> 0 | X8: =S26 -> 0 | Y8: =X8/$X$10 -> #DIV/0!
V9: Debt payments | W9: =R37 -> 0 | X9: =S37 -> 0 | Y9: =X9/$X$10 -> #DIV/0!
V10: Total Out | W10: =SUM(W6:W9) -> 0 | X10: =SUM(X6:X9) -> 0 | Y10: =X10/$X$10 -> #DIV/0!
V11: Income | W11: =I26 -> 0 | X11: =J26 -> 0 | Y11: Mar
X12: Apr
V13: Savings Breakdown Chart
V14: =H30 -> Description | W14: Budget | X14: Actual | Y14: % of Total Out
V15: =H31 -> 0 | W15: =I31 -> 0 | X15: =J31 -> 0 | Y15: =X15/$X$20 -> #DIV/0!
V16: =H32 -> 0 | W16: =I32 -> 0 | X16: =J32 -> 0 | Y16: =X16/$X$20 -> #DIV/0!
V17: =H33 -> 0 | W17: =I33 -> 0 | X17: =J33 -> 0 | Y17: =X17/$X$20 -> #DIV/0!
H18: Total Income | L18: Total Expenses | Q18: Total Bills | V18: =H34 -> 0 | W18: =I34 -> 0 | X18: =J34 -> 0 | Y18: =X18/$X$20 -> #DIV/0!
H19: Description | I19: Budget | J19: Actual | L19: Category | M19: Description | N19: Budget | O19: Actual | Q19: Description | R19: Budget | S19: Actuals | V19: =H35 -> 0 | W19: =I35 -> 0 | X19: =J35 -> 0 | Y19: =X19/$X$20 -> #DIV/0!
V20: Total Out | W20: =SUM(W15:W19) -> 0 | X20: =SUM(X15:X19) -> 0 | Y20: =X20/$X$20 -> #DIV/0!
V22: Named ranges for chart to hide blank rows
V23: savings_labels | W23: savings_data | X23: savings_dollars | Y23: savings_datalabels
V24: {=_xlfn._xlws.FILTER($V$15:$V$19,$V$15:$V$19<>0,NA())} -> #N/A | W24: {=_xlfn._xlws.FILTER($Y$15:$Y$19,$V$15:$V$19<>0,NA())} -> #N/A | X24: {=_xlfn._xlws.FILTER($X$15:$X$19,$V$15:$V$19<>0,NA())} -> #N/A | Y24: =TEXT(X24, "$0,0") & " " & TEXT(W24,"0%") -> #N/A
Y25: =TEXT(X25, "$0,0") & " " & TEXT(W25,"0%") -> $00 0%
H26: Total | I26: =SUM(I20:I25) -> 0 | J26: =SUM(J20:J25) -> 0 | Q26: Total | R26: =SUM(R20:R25) -> 0 | S26: =SUM(S20:S25) -> 0 | Y26: =TEXT(X26, "$0,0") & " " & TEXT(W26,"0%") -> $00 0%
Y27: =TEXT(X27, "$0,0") & " " & TEXT(W27,"0%") -> $00 0%
Y28: =TEXT(X28, "$0,0") & " " & TEXT(W28,"0%") -> $00 0%
H29: Total Savings | Q29: Total Bills
H30: Description | I30: Budget | J30: Actual | Q30: Description | R30: Budget | S30: Actuals
H37: Total | I37: =SUM(I31:I36) -> 0 | J37: =SUM(J31:J36) -> 0 | L37: Total | N37: =SUM(N20:N36) -> 0 | O37: =SUM(O20:O36) -> 0 | Q37: Total | R37: =SUM(R31:R36) -> 0 | S37: =SUM(S31:S36) -> 0
H39: =Dropdowns!$D$6 -> This budget planner is based on the accuracy and completeness of the data you have entered, is for illustrative and general information purposes only, and is not intended to provide specific financial, legal, tax, investment planning or other advice. Speak with your financial advisor to ensure that your strategy takes into account your personal circumstances and meets your financial needs. Vancity does not make any express or implied warranties or representations with respect to any information or results in connection with the budget planner. Vancity will not be liable for any losses or damages arising from any errors or omissions in any information or results, or any action or decision made by you in reliance on any information or results.

Sheet Dec
U1: → HIDDEN COLUMNS
O2: =J26-O37-S26-S37 -> 0
V4: Spending Breakdown Chart
V5: Category | W5: Budget | X5: Actual | Y5: % of Total Out
V6: Savings | W6: =I37 -> 0 | X6: =J37 -> 0 | Y6: =X6/$X$10 -> #DIV/0!
V7: Expenses | W7: =N37 -> 0 | X7: =O37 -> 0 | Y7: =X7/$X$10 -> #DIV/0!
V8: Bills | W8: =R26 -> 0 | X8: =S26 -> 0 | Y8: =X8/$X$10 -> #DIV/0!
V9: Debt payments | W9: =R37 -> 0 | X9: =S37 -> 0 | Y9: =X9/$X$10 -> #DIV/0!
V10: Total Out | W10: =SUM(W6:W9) -> 0 | X10: =SUM(X6:X9) -> 0 | Y10: =X10/$X$10 -> #DIV/0!
V11: Income | W11: =I26 -> 0 | X11: =J26 -> 0 | Y11: Mar
X12: Apr
V13: Savings Breakdown Chart
V14: =H30 -> Description | W14: Budget | X14: Actual | Y14: % of Total Out
V15: =H31 -> 0 | W15: =I31 -> 0 | X15: =J31 -> 0 | Y15: =X15/$X$20 -> #DIV/0!
V16: =H32 -> 0 | W16: =I32 -> 0 | X16: =J32 -> 0 | Y16: =X16/$X$20 -> #DIV/0!
V17: =H33 -> 0 | W17: =I33 -> 0 | X17: =J33 -> 0 | Y17: =X17/$X$20 -> #DIV/0!
H18: Total Income | L18: Total Expenses | Q18: Total Bills | V18: =H34 -> 0 | W18: =I34 -> 0 | X18: =J34 -> 0 | Y18: =X18/$X$20 -> #DIV/0!
H19: Description | I19: Budget | J19: Actual | L19: Category | M19: Description | N19: Budget | O19: Actual | Q19: Description | R19: Budget | S19: Actuals | V19: =H35 -> 0 | W19: =I35 -> 0 | X19: =J35 -> 0 | Y19: =X19/$X$20 -> #DIV/0!
V20: Total Out | W20: =SUM(W15:W19) -> 0 | X20: =SUM(X15:X19) -> 0 | Y20: =X20/$X$20 -> #DIV/0!
V22: Named ranges for chart to hide blank rows
V23: savings_labels | W23: savings_data | X23: savings_dollars | Y23: savings_datalabels
V24: {=_xlfn._xlws.FILTER($V$15:$V$19,$V$15:$V$19<>0,NA())} -> #N/A | W24: {=_xlfn._xlws.FILTER($Y$15:$Y$19,$V$15:$V$19<>0,NA())} -> #N/A | X24: {=_xlfn._xlws.FILTER($X$15:$X$19,$V$15:$V$19<>0,NA())} -> #N/A | Y24: =TEXT(X24, "$0,0") & " " & TEXT(W24,"0%") -> #N/A
Y25: =TEXT(X25, "$0,0") & " " & TEXT(W25,"0%") -> $00 0%
H26: Total | I26: =SUM(I20:I25) -> 0 | J26: =SUM(J20:J25) -> 0 | Q26: Total | R26: =SUM(R20:R25) -> 0 | S26: =SUM(S20:S25) -> 0 | Y26: =TEXT(X26, "$0,0") & " " & TEXT(W26,"0%") -> $00 0%
Y27: =TEXT(X27, "$0,0") & " " & TEXT(W27,"0%") -> $00 0%
Y28: =TEXT(X28, "$0,0") & " " & TEXT(W28,"0%") -> $00 0%
H29: Total Savings | Q29: Total Bills
H30: Description | I30: Budget | J30: Actual | Q30: Description | R30: Budget | S30: Actuals
H37: Total | I37: =SUM(I31:I36) -> 0 | J37: =SUM(J31:J36) -> 0 | L37: Total | N37: =SUM(N20:N36) -> 0 | O37: =SUM(O20:O36) -> 0 | Q37: Total | R37: =SUM(R31:R36) -> 0 | S37: =SUM(S31:S36) -> 0
H39: =Dropdowns!$D$6 -> This budget planner is based on the accuracy and completeness of the data you have entered, is for illustrative and general information purposes only, and is not intended to provide specific financial, legal, tax, investment planning or other advice. Speak with your financial advisor to ensure that your strategy takes into account your personal circumstances and meets your financial needs. Vancity does not make any express or implied warranties or representations with respect to any information or results in connection with the budget planner. Vancity will not be liable for any losses or damages arising from any errors or omissions in any information or results, or any action or decision made by you in reliance on any information or results.

Sheet Dropdowns
A1: Drop Down Lists (Hidden Sheet)
A4: Named Range for Drop Down: | B4: Category_Table | D4: Legalize (at the bottom of each monthly sheet)
A6: Drop Down Heading: | B6: Expense Category | D6: This budget planner is based on the accuracy and completeness of the data you have entered, is for illustrative and general information purposes only, and is not intended to provide specific financial, legal, tax, investment planning or other advice. Speak with your financial advisor to ensure that your strategy takes into account your personal circumstances and meets your financial needs. Vancity does not make any express or implied warranties or representations with respect to any information or results in connection with the budget planner. Vancity will not be liable for any losses or damages arising from any errors or omissions in any information or results, or any action or decision made by you in reliance on any information or results.
A7: (will appear in this order) | B7: Car insurance
B8: Car maintenance
B9: Charities
B10: Child care
B11: Clothing
B12: Club memberships
B13: Credit card payments
B14: Dining
B15: Entertainment
B16: Eye / dental
B17: Food
B18: Gas
B19: Gifts
... B37: Wellness

Sheet Temp Assets
O2: VANCITY BRAND COLOURS
O3: Light Red | Q3: #F69B8F
O4: Ready Red | Q4: #F04E39
O5: Dark Red | Q5: #AF1928
O6: Cream | Q6: #F8F4E7
O7: Grey | Q7: #414042
O8: Black | Q8: #000000
O9: Yellow | Q9: #FDC37F
O10: Teal | Q10: #73C8AE
O11: Blue | Q11: #24ABB4
